 Dungeon Crawl Stone Soup version 0.30-a0-40-gc6d0f036a7 (webtiles) character file.

Game seed: 9588795243152878620

8170 robertstho the Grappler (level 11, -11/163 HPs)
             Began as a Troll Berserker on Aug 29, 2022.
             Was an Elder of Trog.
             Killed from afar by an acid dragon (28 damage)
             ... with a splash of acid
             ... on level 9 of the Dungeon.
             The game lasted 00:12:49 (7571 turns).

robertstho the Grappler (Troll Berserker)           Turns: 7571, Time: 00:12:50

Health: -11/163    AC:  9    Str: 27    XL:     11   Next: 6%
Magic:  10/10      EV: 11    Int:  5    God:    Trog [****..]
Gold:   918        SH:  0    Dex: 11    Spells: 10/10 levels left

rFire   . . .      SeeInvis .      - Unarmed
rCold   . . .      Faith    .    (no shield)
rNeg    . . .      Spirit   .    v - +0 steam dragon scales
rPois   +          Reflect  .    (helmet restricted)
rElec   .          Harm     .    C - +0 cloak {rPois}
rCorr   .          Rampage  .    (gloves unavailable)
Will    .....                    (boots unavailable)
Stlth   ..........               (no amulet)
HPRegen 1.17/turn                e - ring of flight
MPRegen 0.12/turn                (no ring)

@: berserking, flying, very quick
A: large, unfitting armour, claws 3, regeneration 1, shaggy fur 1, tough skin 1
a: Renounce Religion, Berserk, Trog's Hand, Brothers in Arms


You were on level 9 of the Dungeon.
You worshipped Trog.
Trog was greatly pleased with you.
You visited 1 branch of the dungeon, and saw 9 of its levels.
You also visited: Bailey.

You collected 1054 gold pieces.
You spent 136 gold pieces at shops.

Inventory:

Hand Weapons
 s - a +0 dire flail of draining
Armour
 v - +0 steam dragon scales (worn)
 A - a +2 robe of fire resistance
 C - a +0 cloak of poison resistance (worn)
Jewellery
 e - a ring of flight (left claw)
Wands
 y - a wand of iceblast (9)
 D - a wand of mindburst (6)
Scrolls
 a - a scroll of poison {unknown}
 b - 2 scrolls of fear
 d - 5 scrolls of teleportation
 h - a scroll of blinking
 n - a scroll of enchant weapon {unknown}
 o - a scroll of vulnerability {unknown}
 p - 3 scrolls of magic mapping {unknown}
 t - 2 scrolls of fog
 z - a scroll of noise {unknown}
 B - 2 scrolls of identify
Potions
 c - 8 potions of curing
 f - 2 potions of invisibility
 g - 2 potions of lignification {unknown}
 i - 2 potions of mutation {unknown}
 j - 2 potions of ambrosia {unknown}
 k - 2 potions of haste
 l - a potion of brilliance {unknown}
 m - 8 potions of flight
 q - a potion of resistance {unknown}
 r - a potion of attraction {unknown}
 u - a potion of magic {unknown}
 w - a potion of might
 x - a potion of degeneration {unknown}


   Skills:
 * Level 7.2 Fighting
 + Level 1.3 Maces & Flails
 * Level 5.9 Armour
 + Level 6.6 Dodging
 + Level 2.0 Stealth
 + Level 11.0 Unarmed Combat


You had 10 spell levels left.
You didn't know any spells.
Your spell library was empty.

Dungeon Overview and Level Annotations

Branches:
Dungeon (9/15)             Temple (0/1) D:7          Bailey (visited)
   Lair: D:8-11         Orc: D:9-12

Altars:
Cheibriados
Elyvilon
Fedhas
Makhleb
Xom
The Shining One
Jiyva

Shops:
D:4 (   D:8 *

Annotations:
D:8 3 runed translucent doors, audacious124's ghost, novice FeSu


Innate Abilities, Weirdness & Mutations

You are too large for most types of armour.
You have claws for hands.
Your natural rate of healing is unusually fast.
You are covered in fur. (AC +1)
You have tough skin. (AC +1)


Message History

The troll is almost dead.
The acid dragon barely misses you.
The acid dragon claws you but does no damage.
The troll bites you but does no damage. The troll claws you!
The troll claws you but does no damage.
You barely miss the troll.
The troll is severely wounded.
You barely miss the troll.
The troll is severely wounded.
The troll bites you! The troll claws you. The troll claws you!
The acid dragon misses you. The acid dragon barely misses you.
You claw the acid dragon!
The acid dragon is heavily wounded.
You scratch the troll.
The troll is almost dead.
The troll bites you!
The troll claws you but does no damage. x2
The kobold brigand barely misses you. The acid dragon spits acid at you.
The splash of acid hits you!!
* * * LOW HITPOINT WARNING * * *
You barely miss the troll.
The troll is almost dead.
The troll misses you. The troll claws you but does no damage.
The troll claws you.
* * * LOW HITPOINT WARNING * * *
The acid dragon bites you!
* * * LOW HITPOINT WARNING * * *
The acid dragon barely misses you. The kobold brigand barely misses you.
You completely miss the troll.
The troll is almost dead.
You barely miss the troll.
The troll is almost dead.
The troll closely misses you. The troll claws you!
* * * LOW HITPOINT WARNING * * *
The troll claws you.
* * * LOW HITPOINT WARNING * * *
The kobold brigand completely misses you.
The acid dragon spits acid at you. The splash of acid hits you!!
You die...

...^..# ......# .)....#
......# ### ##### ......#
#... ##...## ......#
.....#####.....# ##.####
#K........#..# #.#
....##K##.....# #.# .
#@D.##...## #.#
#..T..##.## #.#
#.......#.# #.#
#...|...#.# #.# #
#.......#†# #.#
##.##.....##.##
#.########...##...##...##
#.......#.....#####)....#
#######.# #.......).#..#


You could see a troll, an acid dragon (catching breath) and a kobold brigand.

Vanquished Creatures
  A hydra (D:7)
  2 orc knights (Bailey)
  Maggie (D:9)
  A troll (D:9)
  A hornet (D:9)
  Grinder (D:3)
  2 wyverns
  A yak (D:9)
  A vampire mosquito (D:9)
  2 steam dragons
  Edmund (D:5)
  A water moccasin (D:8)
  An ice beast (D:5)
  7 orc warriors
  A sky beast (D:7)
  3 black bears
  2 ogres
  4 centaurs
  The ghost of ytrimaz the Insei, an amateur OpTm (D:3)
  3 phantoms
  Blork the orc (D:6)
  5 bullfrogs
  4 kobold brigands
  5 scorpions
  A necrophage (D:7)
  4 gnoll sergeants
  9 wights
  An electric eel (D:9)
  4 howler monkeys
  2 hounds
  A gnoll bouda (D:7)
  3 orc priests
  Jessica (D:2)
  2 iguanas
  11 orc wizards
  Robin (D:3)
  17 gnolls
  6 adders
  4 shadow imps
  3 white imps
  A worm (D:5)
  4 dart slugs
  39 orcs
  6 endoplasms
  3 giant cockroaches
  18 goblins
  12 hobgoblins
  3 jackals (D:2)
  A quokka (D:1)
  6 ball pythons
  4 bats
  A frilled lizard (D:1)
  24 kobolds
  A rat (D:2)
245 creatures vanquished.

Vanquished Creatures (others)
  A plant (D:1)
1 creature vanquished.

Grand Total: 246 creatures vanquished

Notes
Turn   | Place    | Note
-------+----------+-------------------------------------------
     0 | D:1      | robertstho the Troll Berserker began the quest for the Orb.
     0 | D:1      | Reached XP level 1. HP: 22/22 MP: 0/0
   111 | D:1      | Reached XP level 2. HP: 29/29 MP: 1/1
   654 | D:2      | Reached ** piety under Trog
   655 | D:2      | Reached XP level 3. HP: 36/36 MP: 2/2
   845 | D:2      | Noticed Jessica
   850 | D:2      | Killed Jessica
   851 | D:2      | Reached skill level 1 in Armour
   927 | D:2      | Reached XP level 4. HP: 34/44 MP: 3/3
  1281 | D:3      | Noticed ytrimaz's ghost (amateur OpTm)
  1285 | D:3      | Found a runed translucent door.
  1461 | D:3      | Noticed Robin
  1494 | D:3      | Killed Robin
  1582 | D:3      | Noticed Grinder
  1582 | D:3      | Paralysed by Grinder for 3 turns
  1591 | D:3      | Killed Grinder
  1592 | D:3      | Reached skill level 4 in Unarmed Combat
  1592 | D:3      | Reached XP level 5. HP: 45/53 MP: 4/4
  1592 | D:3      | Reached XP level 6. HP: 52/61 MP: 5/5
  1967 | D:3      | Found a faded altar of an unknown god.
  2091 | D:3      | Killed ytrimaz's ghost
  2092 | D:3      | Reached skill level 5 in Unarmed Combat
  2280 | D:4      | Reached XP level 7. HP: 44/68 MP: 6/6
  2382 | D:4      | Found Kisues's Weapon Shoppe.
  2898 | D:5      | Entered Level 5 of the Dungeon
  2946 | D:5      | Found a glowing golden altar of the Shining One.
  3035 | D:5      | Reached skill level 1 in Stealth
  3035 | D:5      | Reached skill level 6 in Unarmed Combat
  3205 | D:5      | Noticed Edmund
  3220 | D:5      | Killed Edmund
  3285 | D:5      | Identified the +1 leather armour of Oteetsu {Rampage +Blink
                  | rCorr Stlth+}
  3375 | D:5      | Reached XP level 8. HP: 58/78 MP: 7/7
  3825 | D:6      | Reached skill level 7 in Unarmed Combat
  4020 | D:6      | Noticed Blork the orc
  4029 | D:6      | Killed Blork the orc
  4249 | D:6      | Reached skill level 8 in Unarmed Combat
  4393 | D:6      | Reached XP level 9. HP: 64/87 MP: 8/8
  4685 | D:6      | Found a blossoming altar of Fedhas.
  4688 | D:6      | Found a snail-covered altar of Cheibriados.
  4736 | D:6      | Found a burning altar of Makhleb.
  4736 | D:6      | Found a white marble altar of Elyvilon.
  4739 | D:6      | Reached skill level 5 in Fighting
  4803 | D:6      | Found a shimmering altar of Xom.
  4944 | D:7      | Reached *** piety under Trog
  5204 | D:7      | Reached skill level 5 in Dodging
  5362 | D:7      | Found a staircase to the Ecumenical Temple.
  5455 | D:7      | Reached skill level 9 in Unarmed Combat
  5553 | D:7      | Noticed a four-headed hydra
  5927 | D:7      | Killed a four-headed hydra
  5928 | D:7      | Reached skill level 5 in Armour
  5928 | D:7      | Reached XP level 10. HP: 65/98 MP: 9/9
  6528 | D:8      | Reached skill level 10 in Unarmed Combat
  6542 | D:8      | Reached skill level 1 in Maces & Flails
  6657 | D:8      | Found a runed translucent gate.
  6662 | D:8      | Found a runed translucent gate.
  6675 | D:8      | Found a runed translucent gate.
  6678 | D:8      | Reached **** piety under Trog
  6682 | D:8      | Noticed audacious124's ghost (novice FeSu)
  6714 | D:8      | Found a viscous altar of Jiyva.
  6751 | D:8      | Found Qarropac's Neck Hole.
  6754 | D:8      | Bought a +0 cloak of poison resistance for 136 gold pieces
  6934 | D:9      | Noticed Maggie
  6934 | D:9      | Found a flagged portal.
  6939 | D:9      | Killed Maggie
  7038 | Bailey   | Entered a bailey
  7075 | Bailey   | Noticed an orc knight
  7110 | Bailey   | Noticed an orc knight
  7122 | Bailey   | Killed an orc knight
  7190 | Bailey   | Killed an orc knight
  7510 | D:9      | Reached XP level 11. HP: 107/109 MP: 10/10
  7561 | D:9      | Reached skill level 11 in Unarmed Combat
  7571 | D:9      | Killed from afar by an acid dragon

Illustrated notes

Levels and vault maps discovered:
D:1:      onia_arrival_pentagram, layout_rooms, serial_forest,
          infiniplex_forest_lined_corner, infiniplex_forest_clump_long,
          infiniplex_forest_clump_small, infiniplex_forest_lined_room_3,
          infiniplex_forest_lined_1, infiniplex_forest_lined_4_way,
          infiniplex_forest_lined_room_2
D:2:      layout_basic, uniq_jessica
D:3:      layout_basic, hellmonk_ghost_happy_afterlife,
          dilly_ecumenical_altar_fadedgnrine, kennysheep_small_spiral,
          uniq_robin, uniq_grinder
D:4:      layout_basic, serial_shops, shop_fountains, corexii_leaking_fountain,
          minmay_fractal_squares_diagonal_5
D:5:      layout_basic, old_standard_altar, corexii_corridor_pit, uniq_edmund
D:6:      layout_loops_corners, gammafunk_temple_overflow_statue,
          kennysheep_little_box, minitemple, uniq_blork_the_orc
D:7:      layout_loops_corners, minmay_temple_entry_hall, nzn_random_ring
D:8:      layout_gridville, gammafunk_ghost_ooze,
          nicolae_shop_sticking_my_neck_out
D:9:      minmay_octagon_keep, layout_basic, enter_bailey_3,
          serial_bayou_pond_c, uniq_maggie

Skill      XL: |  1  2  3  4  5  6  7  8  9 10 11 |
---------------+----------------------------------+-----
Armour         | 1 2 3 5 |  5.9
Fighting       | 3 4 6 7 |  7.2
Dodging        | 3 4 5 6 |  6.6
Unarmed Combat | 4 5 6 8 9 10 11 | 11.0
Stealth        | 1 2 |  2.0
Maces & Flails | 1 |  1.3

Action                   |  1- 3 |  4- 6 |  7- 9 | 10-12 || total
-------------------------+-------+-------+-------+-------++-------
Melee: Unarmed           |    74 |    90 |   354 |   193 ||   711
       Punch             |       |     1 |    12 |    15 ||    28
       Dire flail        |       |       |     8 |       ||     8
Invok: Berserk           |       |     4 |    13 |     6 ||    23
  Use: Scroll            |       |     5 |     8 |       ||    13
       Potion            |       |     1 |     1 |       ||     2
 Stab: Sleeping          |       |       |     3 |       ||     3
Armor: Animal skin       |    29 |    24 |    36 |       ||    89
       Steam dragon scal |       |       |    75 |    98 ||   173
Dodge: Dodged            |    37 |    46 |   183 |   133 ||   399

Table legend: (Time is in decaauts)
 A = Elapsed time spent in this place.
 B = Non-inter-level travel time spent in this place.
 C = Inter-level travel time spent in this place.
 D = Time resting spent in this place.
 E = Time spent auto-exploring this place.
 F = Levels seen in this place.
 G = Mean time per level.
                   A        B        C        D        E       F      G
               +--------+--------+--------+--------+--------+-----+--------+
         Total |   7665 |   7486 |    179 |    432 |   5600 |  10 |  766.5 |
       Dungeon |   7378 |   7199 |    179 |    380 |   5507 |   9 |  819.8 |
        Bailey |    287 |    287 |      0 |     52 |     93 |   1 |  287.0 |
               +--------+--------+--------+--------+--------+-----+--------+

Top non-repeatable levels by time:
     D:7: 1479 daAuts
     D:6: 1117 daAuts
     D:3: 935 daAuts
     D:5: 917 daAuts
     D:4: 744 daAuts
     D:2: 663 daAuts
     D:8: 650 daAuts
     D:1: 589 daAuts
  Bailey: 287 daAuts
     D:9: 281 daAuts
